cohdb
Replays
Latest Replays
All Replays
Popular Replays
Top Player Replays
Match Explorer
How It Works
Community
CoH3 Stats
Reddit
Sign in to upload your games and track your stats! →
Sign in with Steam
Match 43813496
Unlisted
Match 43813496
Overview
Messages
Build Orders
End
Construct Section Command Post
Royal Engineer Section
ML 3-inch Mortar Team
Infantry Section
Infantry Section
Selects Canadian Shock Battlegroup
Selects Attacking Spirit
Selects Canadian Shock Section
Grenade Package
Construct Platoon Command Post
Canadian Shock Section
Selects Incendiary Munitions
Humber Armored Car
Selects Pyrotechnics
Unlock Bishop Self-propelled Artillery
Bishop Self-propelled Artillery
Infantry Training
B1t
SkyCurv
Tek
ckdgus813
nidjo
mr.Brookerr
Mr_Fox
hong_0002
0
0
Comments
sign in to comment!
No comments posted yet!